 Dungeon Crawl Stone Soup version 0.25-a0-178-gc9f82b1288 (webtiles) character file.

Game seed: 5140227438441128941, levelgen mode: deterministic

207 Lanoc the Shooter (level 5, -7/45 HPs)
             Began as a Hill Orc Arcane Marksman on Nov 26, 2019.
             Mangled by an ice beast (10 damage)
             ... on level 4 of the Dungeon.
             The game lasted 00:05:13 (2479 turns).

Lanoc the Shooter (Hill Orc Arcane Marksman)        Turns: 2479, Time: 00:05:14

Health: -7/45      AC:  3    Str: 13    XL:     5   Next: 85%
Magic:  6/6        EV: 13    Int: 13    God:
Gold:   260        SH:  0    Dex: 12    Spells: 5/6 levels left

rFire    . . .     SeeInvis .   a - +0 shortbow
rCold    . . .     Gourm    .   (shield currently unavailable)
rNeg     . . .     Faith    .   e - +0 robe
rPois    .         Spirit   .   (no helmet)
rElec    .         Reflect  .   c - +0 cloak
rCorr    .         Harm     .   (no gloves)
MR       .....                  (no boots)
Stlth    +.........             (no amulet)
HPRegen  0.15/turn              k - ring of flight
MPRegen  0.10/turn              (no ring)

@: no status effects
A: no striking features
a: Evoke Flight


You were on level 4 of the Dungeon.
You were not hungry.

You visited 1 branch of the dungeon, and saw 4 of its levels.

You collected 260 gold pieces.

Inventory:

Hand Weapons
 a - a +0 shortbow (weapon)
Missiles
 d - 3 arrows (quivered)
 i - 19 poisoned darts
Armour
 c - a +0 cloak (worn)
 e - a +0 robe (worn)
 m - a +0 shield
Jewellery
 k - a ring of flight (left hand)
Scrolls
 b - a scroll of magic mapping
 g - 3 scrolls of remove curse
 h - 2 scrolls of identify
Potions
 j - a potion of flight {unknown}
 l - a potion of might {unknown}
 n - a potion of heal wounds {unknown}
 o - a potion of brilliance {unknown}
 p - 3 potions of curing
Comestibles
 f - 7 rations


   Skills:
 + Level 3.4 Fighting
 * Level 4.0 Bows
 + Level 2.7 Dodging
 - Level 1.0 Spellcasting
 - Level 3.0 Hexes


You had 5 spell levels left.
You knew the following spells:

 Your Spells              Type           Power        Failure   Level  Hunger
a - Corona                Hex            #......      9%          1    ##.....

Your spell library contained the following spells:

 Spells                   Type           Power        Failure   Level  Hunger
 Slow                     Hex            #.......     12%         2    ###....
 Inner Flame              Hex/Fire       #.......     41%         3    ####...
 Portal Projectile        Hex/Tloc       #.....       41%         3    ####...
 Cause Fear               Hex            #.........   63%         4    #####..
 Leda's Liquefaction      Hex/Erth       #.........   83%         4    #####..


Dungeon Overview and Level Annotations

Branches:
Dungeon (4/15)
 Temple: D:4-7

Altars:
Kikubaaqudgha
Makhleb
Uskayaw

Annotations:
D:3 3 runed translucent doors, Ratty's ghost, amateur MiFi
D:4 2 transporters


Message History

The ice beast is moderately wounded.
The ice beast barely misses you. x2
Firing (i - inventory. (/) - cycle)
d - 5 arrows (quivered)
Press: ? - help, Shift-Dir - straight line, f/p - ice beast
Aim: an ice beast (moderately wounded)
You shoot an arrow. The arrow hits the ice beast.
The ice beast is moderately wounded.
The ice beast hits you. The ice beast freezes you!
* * * LOW HITPOINT WARNING * * *
You are too injured to fight recklessly!
You are too injured to fight recklessly!
You are too injured to fight recklessly!
Firing (i - inventory. (/) - cycle)
d - 4 arrows (quivered)
Press: ? - help, Shift-Dir - straight line, f/p - ice beast
Aim: an ice beast (moderately wounded)
You shoot an arrow. The arrow closely misses the ice beast.
The ice beast hits you.
* * * LOW HITPOINT WARNING * * *
The ice beast freezes you!
You die...

#.. #.. ..# ##...
#(#.# .# #... #.##
#Y####...#.
#.@....©...
#..########
##.##85(...8
##..#aT......
##...#H...©...
#....#.........#
##...#........©#.
#....#.........#.#
#.##.#.........#.#


You could see a hippogriff, a troll, an ice beast, a worker ant and a crimson
imp.

Vanquished Creatures
  A scorpion (D:4)
  A hound (D:4)
  Jessica (D:2)
  2 adders (D:2)
  2 oozes
  3 worms (D:3)
  A dart slug (D:4)
  2 leopard geckos
  An orc (D:3)
  4 giant cockroaches
  7 goblins
  8 hobgoblins
  4 jackals (D:3)
  7 kobolds
  4 quokkas
  A ball python (D:3)
  6 bats
  3 frilled lizards
  4 rats
62 creatures vanquished.

Notes
Turn   | Place    | Note
-------+----------+-------------------------------------------
     0 | D:1      | Lanoc the Hill Orc Arcane Marksman began the quest for the
                  | Orb.
     0 | D:1      | Reached XP level 1. HP: 16/16 MP: 2/2
    28 | D:1      | Reached skill level 2 in Bows
    28 | D:1      | Reached XP level 2. HP: 23/23 MP: 3/3
   537 | D:2      | Reached XP level 3. HP: 25/29 MP: 4/4
   837 | D:2      | Noticed Jessica
   854 | D:2      | Killed Jessica
   854 | D:2      | Reached skill level 3 in Bows
   854 | D:2      | Reached XP level 4. HP: 13/37 MP: 5/5
  1971 | D:3      | Noticed Ratty's ghost (amateur MiFi)
  2009 | D:3      | Found a runed translucent gate.
  2009 | D:3      | Found a runed translucent gate.
  2009 | D:3      | Found a runed translucent gate.
  2026 | D:3      | Reached XP level 5. HP: 44/44 MP: 6/6
  2421 | D:4      | Reached skill level 4 in Bows
  2438 | D:4      | Found an ancient bone altar of Kikubaaqudgha.
  2438 | D:4      | Found a burning altar of Makhleb.
  2448 | D:4      | Found a hide-covered altar of Uskayaw.
  2450 | D:4      | Noticed a hippogriff
  2451 | D:4      | Noticed a troll
  2454 | D:4      | Found a transporter.
  2463 | D:4      | Found a transporter.
  2468 | D:4      | Noticed an ice beast
  2479 | D:4      | Mangled by an ice beast

Levels and vault maps discovered:
D:1:      lemuel_arrival_rhombus, layout_basic
D:2:      layout_basic, minivault_4, corexii_item_surrounded_by_moat,
          uniq_jessica
D:3:      layout_rooms, gammafunk_ghost_icy
D:4:      layout_loops_corners, lemuel_coloured_pillars_altar,
          gammafunk_temple_overflow_arena, minmay_temple_entry_drinking_statues,
          serial_shops, nicolae_shop_stone, first_ration, uniq_blork_the_orc

Skill      XL: |  1  2  3  4  5 |
---------------+----------------+-----
Bows           | 2 3 4 |  4.0
Fighting       | 2 3 |  3.4
Dodging        | 2 |  2.7
Spellcasting   | |  1.0
Hexes          | |  3.0

Action                   |  1- 3 |  4- 6 || total
-------------------------+-------+-------++-------
 Fire: Shortbow          |    89 |   145 ||   234
Throw: Dart              |     4 |    30 ||    34
  Use: Potion            |     1 |       ||     1
       Scroll            |       |     6 ||     6
  Eat: Chunk             |       |     5 ||     5
Armor: Robe              |     9 |    21 ||    30
       Skin              |     4 |       ||     4
Dodge: Dodged            |    20 |    67 ||    87

Table legend:
 A = Non-vault XP
 B = Vault XP
 C = Vault XP percentage of total XP
 D = Non-vault monster count
 E = Vault monster count
 F = Vault count percentage of total count
                 A         B        C        D         E       F
            +---------+---------+-------+---------+---------+-------
      Total |     260 |      37 |  12.5 |      61 |       1 |   1.6
            +---------+---------+-------+---------+---------+-------
        D:1 |      31 |       0 |   0.0 |      15 |       0 |   0.0
        D:2 |      48 |      37 |  43.5 |      12 |       1 |   7.7
        D:3 |      54 |       0 |   0.0 |      26 |       0 |   0.0
        D:4 |     127 |       0 |   0.0 |       8 |       0 |   0.0
            +---------+---------+-------+---------+---------+-------
